Map: Ice and Chrome LE

Players

Puigs - Winner!

  • Race: Protoss Protoss
  • League: Diamond
  • Spawn Location: 1:00

FREElancer

  • Race: Terran Terran
  • League: Gold
  • Spawn Location: 7:00

VOD

Have the link to the VOD?

Description

Time

  • Played on: Sept. 23, 2020, 12:54 p.m.
  • Length: 14:00
Show
View Real Time Build Order
Export as new Build Order

Puigs Protoss - Winner!

Build Orders:  

Get SALT Encoding   

  12  0:00  Probe (Chrono Boost)  
  13  0:12  Probe (Chrono Boost)  
  14  0:19  Pylon  
  14  0:20  Probe (Chrono Boost)  
  15  0:37  Probe  
  15  0:39  Gateway  
  16  0:46  Assimilator  
  16  0:49  Probe  
  17  0:56  Assimilator  
  17  1:01  Probe  
  18  1:13  Probe  
  19  1:25  Probe  
  20  1:29  Cybernetics Core  
  20  1:32  Pylon  
  20  1:37  Probe  
  21  2:08  Nexus, Warp Gate  
  21  2:10  Adept, Pylon  
  21  2:13  Probe  
  24  2:27  Probe  
  24  2:28  Stargate  
  25  2:45  Adept  
  26  2:58  Probe  
  27  3:06  Void Ray  
  27  3:10  Probe  
  32  3:20  Twilight Council  
  32  3:24  Gateway, Adept  
  34  3:29  Pylon  
  34  3:31  Probe  
  34  3:33  Probe  
  36  3:38  Resonating Glaives  
  36  3:46  Void Ray (Chrono Boost)  
  40  4:01  Probe x2  
  42  4:05  Adept  
  44  4:13  Probe x2  
  46  4:25  Void Ray (Chrono Boost), Probe x2  
  52  4:37  Probe, Adept  
  55  4:39  Adept  
  55  4:43  Assimilator, Probe  
  58  4:49  Probe  
  59  4:55  Probe  
  59  4:58  Adept  
  62  5:06  Pylon  
  62  5:19  Pylon  
  62  5:23  Probe x2  
  62  5:26  Assimilator, Nexus  
  51  5:35  Probe x2  
  45  6:01  Adept  
  45  6:02  Adept  
  41  6:39  Probe x2  
  43  6:40  Robotics Facility  
  43  6:42  Dark Shrine  
  43  6:46  Adept  
  41  6:47  Adept  
  41  6:51  Probe x2  
  45  7:08  Probe x2  
  47  7:20  Probe  
  47  7:21  Probe  
  47  7:22  Void Ray, Probe  
  54  7:30  Charge  
  54  7:32  Probe  
  54  7:33  Zealot x2, Probe  
  54  7:34  Probe  
  61  7:42  Gateway  
  61  7:45  Gateway, Observer, Probe x2  
  61  7:46  Gateway, Probe  
  65  7:52  Assimilator  
  65  7:54  Assimilator  
  65  7:57  Probe x2, Pylon  
  67  7:58  Probe  
  67  8:00  Pylon  
  67  8:02  Pylon  
  68  8:10  Dark Templar  
  70  8:20  Zealot  
  70  8:23  Probe  
  70  8:24  Probe x2  
  75  8:28  Void Ray  
  79  8:36  Probe x2  
  81  8:41  Zealot  
  81  8:44  Zealot  
  83  8:53  Zealot x2  
  83  8:54  Zealot  
  89  8:55  Probe  
  89  8:56  Probe x2  
  92  9:07  Void Ray  
  92  9:08  Probe x3  
  95  9:13  Forge  
  95  9:14  Forge  
  95  9:16  Stalker  
  101  9:17  Stalker x4  
  101  9:20  Probe x2  
  101  9:21  Immortal  
  101  9:23  Probe  
  116  9:32  Probe  
  117  9:43  Pylon  
  117  9:47  Pylon  
  117  9:51  Pylon  
  117  9:58  Probe x3  
  117  9:59  Nexus  
  116  10:02  Pylon  
  116  10:03  Pylon  
  116  10:05  Adept  
  116  10:06  Adept x4  
  97  10:10  Probe x2  
  87  10:27  Void Ray, Stalker x4  
  87  10:28  Stalker  
  97  10:30  Immortal, Protoss Ground Weapons Level 1 (Chrono Boost)  
  97  10:32  Protoss Ground Armor Level 1 (Chrono Boost)  
  105  10:42  Probe x3  
  108  10:53  Dark Templar x2  
  108  10:54  Probe  
  108  10:55  Dark Templar x2  
  117  10:57  Stalker  
  117  10:59  Archon x2  
  117  11:03  Probe x2  
  121  11:06  Probe  
  122  11:15  Probe x2  
  124  11:20  Gateway  
  124  11:21  Gateway  
  124  11:23  Gateway  
  124  11:24  Warp Prism  
  126  11:31  Probe x2  
  128  11:34  Assimilator, Probe  
  128  11:37  Dark Templar x2  
  128  11:38  Assimilator, Dark Templar x2  
  137  11:40  Zealot  
  137  11:42  Archon  
  137  11:43  Probe  
  140  12:14  Nexus  
  140  12:15  Pylon  
  140  12:17  Pylon  
  140  12:19  Pylon  
  120  12:23  Assimilator  
  120  12:24  Assimilator, Dark Templar x2  
  120  12:25  Dark Templar x2  
  120  12:27  Stalker x2  
  120  12:28  Stalker x2  
  126  12:40  Void Ray  
  126  12:43  Immortal  
  130  12:52  Archon  
  118  13:09  Adept x2  
  118  13:10  Adept x3  
  118  13:12  Stalker x2  
  128  13:13  Stalker  
  128  13:17  Void Ray  
  130  13:42  Dark Templar  
  130  13:43  Dark Templar x4  
  130  13:44  Dark Templar  
  130  13:45  Zealot x2  
  138  13:50  Archon  
  138  13:51  Archon  
  138  13:52  Archon  
Show
View Real Time Build Order
Export as new Build Order

FREElancer Terran 

Build Orders: Reaper Expand 

Get SALT Encoding   

  12  0:00  SCV  
  13  0:12  SCV  
  14  0:17  Supply Depot  
  14  0:24  SCV  
  15  0:38  SCV  
  15  0:40  Barracks  
  16  0:47  Refinery  
  16  0:53  SCV  
  17  1:05  SCV  
  18  1:18  SCV  
  19  1:31  Orbital Command  
  19  1:33  Reaper  
  20  1:54  Command Center  
  20  2:00  SCV  
  21  2:08  Supply Depot  
  21  2:10  Marine  
  21  2:12  SCV  
  23  2:25  Factory  
  23  2:28  Refinery  
  23  2:30  Barracks Reactor, SCV  
  24  2:42  SCV  
  25  2:54  SCV  
  25  3:06  SCV  
  25  3:07  Orbital Command  
  25  3:10  Marine  
  25  3:11  Marine  
  25  3:12  Bunker  
  28  3:14  Starport  
  28  3:15  Widow Mine  
  30  3:21  SCV  
  31  3:28  Marine x2  
  31  3:33  SCV  
  31  3:34  SCV  
  35  3:36  Widow Mine  
  37  3:45  SCV  
  37  3:46  SCV  
  39  3:51  Marine x2  
  39  3:53  Medivac  
  43  3:57  SCV  
  43  3:58  SCV  
  45  4:04  Supply Depot  
  45  4:09  Marine  
  46  4:20  Supply Depot  
  46  4:25  SCV x2, Starport Tech Lab, Marine  
  46  4:26  Widow Mine  
  46  4:27  Marine  
  52  4:38  SCV x2  
  54  4:41  Barracks  
  54  4:43  Marine  
  54  4:44  Raven  
  54  4:45  Marine  
  58  4:47  Factory Tech Lab  
  58  4:50  SCV  
  59  4:58  Barracks  
  59  5:01  Marine  
  59  5:05  SCV  
  59  5:06  SCV  
  62  5:11  Supply Depot  
  62  5:32  Marine x2  
  62  5:33  SCV x2  
  53  5:52  Marine x2  
  53  5:53  Marine x2  
  50  5:58  Cyclone  
  47  6:04  SCV x2  
  47  6:10  Marine x3  
  51  6:13  Marine  
  49  6:27  SCV x2  
  49  6:28  Marine x3  
  49  6:29  Viking  
  49  6:31  Marine  
  56  6:42  SCV x2  
  56  6:46  Marine  
  59  6:54  SCV x2, Barracks Tech Lab  
  60  6:55  Barracks Tech Lab  
  60  7:01  Supply Depot  
  60  7:03  Marine  
  60  7:04  Marine  
  60  7:05  Siege Tank  
  60  7:06  SCV  
  62  7:09  Command Center  
  62  7:13  Engineering Bay  
  62  7:17  Engineering Bay, Stimpack  
  62  7:19  Combat Shield  
  62  7:21  Marine  
  63  7:22  Marine  
  63  7:23  Marine x2  
  66  7:34  Starport Reactor  
  66  7:35  SCV x2  
  68  7:38  Siege Tank  
  71  7:47  SCV x2  
  71  7:48  Missile Turret  
  71  7:51  Missile Turret  
  73  7:54  Terran Infantry Weapons Level 1  
  73  7:55  Terran Infantry Armor Level 1  
  73  7:59  SCV x2  
  73  8:00  Refinery  
  75  8:06  Refinery  
  75  8:14  Marine x3  
  78  8:21  Marauder  
  78  8:25  SCV x2  
  82  8:30  Supply Depot  
  82  8:31  Supply Depot  
  82  8:37  SCV x2  
  82  8:38  Marine x3  
  82  8:40  Medivac x2  
  91  8:42  Marauder  
  91  8:47  Orbital Command  
  93  8:52  SCV x2  
  95  8:56  Marine  
  95  8:57  Marauder, Marine  
  99  9:04  SCV x2, Marauder  
  99  9:05  Barracks  
  99  9:08  Supply Depot  
  103  9:11  Supply Depot  
  103  9:14  Marine x2  
  103  9:16  SCV  
  106  9:18  Marauder  
  106  9:19  Missile Turret  
  108  9:24  Marine  
  108  9:30  Medivac  
  111  9:32  Marine x2  
  113  9:39  Marine  
  113  9:45  Marine  
  114  9:50  Marine  
  116  9:57  Marauder  
  114  10:04  Marauder, Marine  
  96  10:08  Marine  
  84  10:19  Marauder  
  84  10:22  Marine  
  84  10:24  Marine  
  84  10:25  Marine  
  83  10:38  Marine  
  83  10:40  Marauder, Marine  
  83  10:42  Supply Depot, Marine  
  87  10:43  Marine  
  87  10:44  Supply Depot  
  87  10:49  Medivac x2  
  93  10:50  Barracks x2  
  93  10:56  Marine  
  94  10:58  Marine  
  94  11:01  Refinery, Marauder, Marine x2  
  94  11:03  Refinery  
  94  11:04  Sensor Tower, Missile Turret  
  99  11:14  Marauder  
  99  11:15  Marine  
  102  11:19  Marauder, Marine  
  102  11:22  Marauder  
  107  11:30  Concussive Shells, Armory  
  107  11:33  Marine  
  107  11:36  Marauder  
  107  11:37  Marine  
  111  11:41  Marauder  
  111  11:43  Barracks Tech Lab, Marine  
  111  11:44  Barracks Reactor  
  114  11:50  Supply Depot  
  114  11:51  Marine  
  114  11:52  Supply Depot  
  111  11:54  Marine  
  111  11:57  Marauder  
  116  12:01  Marauder  
  116  12:02  Marine  
  117  12:11  Marine x2  
  119  12:18  Marauder  
  119  12:20  Marauder  
  114  12:23  Marauder  
  114  12:24  Marine x3  
  114  12:29  Marauder, Marine  
  99  12:39  Marine  
  99  12:41  Marine x2  
  99  12:42  Marine x2  
  103  12:44  Marauder  
  103  12:51  Marauder  
  93  12:59  Marine  
  93  13:00  Marine x4  
  93  13:01  Marauder  
  90  13:05  Marauder  
  90  13:11  Marine  
  81  13:17  Marine x2  
  81  13:18  Marine x2  
  81  13:19  Marauder  
  80  13:21  Marine  
  80  13:26  Marine  
  71  13:29  Marine  
  60  13:35  Marine x3  
  60  13:38  Marine  
Tags
 
Add a new tag
Caveats
  • Supply blocks, unpowered buildings, or Contaminate may cause inaccurate times.
  • Supply counts are checked every 10 seconds.